 Dungeon Crawl Stone Soup version 0.22-a0-580-gd5db89c09a (webtiles) character file.

70 Kholdaimon the Ducker (level 4, -5/35 HPs)
             Began as a Merfolk Gladiator on July 3, 2018.
             Slain by an orc priest
             ... wielding a +0 mace
              (10 damage)
             ... on level 3 of the Dungeon.
             The game lasted 00:06:07 (1740 turns).

Kholdaimon the Ducker (Merfolk Gladiator)           Turns: 1740, Time: 00:06:07

Health: -5/35      AC:  5    Str: 14    XL:     4   Next: 22%
Magic:  4/4        EV: 13    Int:  8    God:
Gold:   117        SH:  3    Dex: 15    Spells: 3/3 levels left

rFire    . . .     SeeInvis .   a - +0 long sword
rCold    . . .     Gourm    .   k - +0 buckler
rNeg     . . .     Faith    .   b - +0 leather armour
rPois    .         Spirit   .   c - +0 helmet
rElec    .         Reflect  .   (no cloak)
rCorr    .         Harm     .   g - +0 pair of gloves {archery}
MR       .....                  (no boots)
Stlth    +.........             (no amulet)
HPRegen  0.11/turn              (no ring)
MPRegen  0.09/turn              (no ring)

@: no status effects
A: change form in water, swift swim, stealthy swim
a: no special abilities


You were on level 3 of the Dungeon.
You were not hungry.

You visited 1 branch of the dungeon, and saw 3 of its levels.

You collected 117 gold pieces.

Inventory:

Hand Weapons
 a - a +0 long sword (weapon)
 q - a +0 falchion of electrocution
Missiles
 d - 2 throwing nets (quivered)
 i - 96 stones
 n - 23 sling bullets
 u - 14 poisoned needles
Armour
 b - a +0 leather armour (worn)
 c - a +0 helmet (worn)
 g - a +0 pair of gloves of archery (worn)
 k - a +0 buckler (worn)
Jewellery
 j - an uncursed ring of ice {unknown}
Scrolls
 e - a scroll of amnesia {unknown}
 l - a scroll of blinking {unknown}
 m - a scroll of teleportation {unknown}
 s - a scroll of remove curse {unknown}
 t - a scroll of identify {unknown}
Potions
 h - a potion of mutation {unknown}
 o - a potion of ambrosia {unknown}
 p - a potion of curing {unknown}
 r - a potion of agility {unknown}
Comestibles
 f - 8 rations
 v - 4 chunks of flesh


   Skills:
 - Level 3.0 Fighting
 * Level 4.5 Long Blades
 - Level 2.0 Throwing
 + Level 4.7 Dodging


You had 3 spell levels left.
You didn't know any spells.
Your spell library was empty.

Dungeon Overview and Level Annotations

Branches:
Dungeon (3/15)

Altars:
Uskayaw


Message History

The orc priest calls down the wrath of Beogh upon you.
Beogh smites you!
* * * LOW HITPOINT WARNING * * *
The orc moves out of view.
The orc shouts!
The bat closely misses you.
You riposte.
You miss the bat. You slash the orc priest!
The orc priest is heavily wounded.
The bat barely misses you.
You riposte.
You slash the bat!
You kill the bat!
The orc priest misses you.
You completely miss the orc priest.
The orc priest is heavily wounded.
The orc priest hits you with a mace.
* * * LOW HITPOINT WARNING * * *
The orc hits you but does no damage.
You hit the orc priest.
The orc priest is severely wounded.
The orc priest hits you with a mace!
You die...

....##..............
...................
................... ..
..........o...... #..
....# #!.......
#...##.#o####........
.......#..o.#........ ..
#......o##.......#####.#
.....o..@o.......# #.#
........#........#####.##
........#...............#
.##.....#...............#
#.....................#
#.....................#
...............รท.......#
.......#......[........#
..............#####...


You could see an orc priest and 2 orcs.

Vanquished Creatures
  An adder (D:2)
  2 oozes
  A worm (D:2)
  2 dart slugs
  A leopard gecko (D:1)
  2 giant cockroaches (D:2)
  9 goblins
  3 hobgoblins (D:2)
  A ball python (D:2)
  8 bats
  5 frilled lizards
  7 kobolds
  4 rats
46 creatures vanquished.

Notes
Turn   | Place    | Note
-------+----------+-------------------------------------------
     0 | D:1      | Kholdaimon the Merfolk Gladiator began the quest for the Orb.
     0 | D:1      | Reached XP level 1. HP: 16/16 MP: 1/1
   339 | D:1      | Reached XP level 2. HP: 23/23 MP: 2/2
   935 | D:2      | Found a hide-covered altar of Uskayaw.
   940 | D:2      | Reached XP level 3. HP: 27/28 MP: 3/3
  1305 | D:2      | Reached XP level 4. HP: 28/34 MP: 4/4
  1740 | D:3      | Slain by an orc priest

Vault maps used:
D:1:      scummos_arrival_forest, bh_walls_and_bars
D:2:      eat_drink_and_be_merry_uskayaw, glass_columns_a, minivault_24
D:3:      uniq_grinder

Skill      XL: |  1  2  3  4 |
---------------+-------------+-----
Long Blades    | 4 |  4.5
Fighting       | 3 |  3.0
Throwing       | |  2.0
Dodging        | |  4.7

Action                   |  1- 3 |  4- 6 || total
-------------------------+-------+-------++-------
Melee: Long sword        |   114 |    27 ||   141
Throw: Throwing net      |     1 |       ||     1
  Eat: Chunk             |     1 |     2 ||     3
Armor: Leather armour    |    35 |     8 ||    43
Dodge: Dodged            |    89 |    24 ||   113
Block: Buckler           |    19 |     3 ||    22
       Rpst.: Long sword |    29 |    12 ||    41

Table legend:
 A = Spawn XP
 B = Non-spawn XP
 C = Spawn XP percentage of total XP
 D = Spawn monster count
 E = Non-spawn monster count
 F = Spawn count percentage of total count
 G = Total turns spent on level
                    A         B        C        D         E        F      G
               +---------+---------+-------+---------+---------+-------+---------
         Total |       0 |     101 |   0.0 |       0 |      46 |   0.0 |  1740
               +---------+---------+-------+---------+---------+-------+---------
           D:1 |       0 |      26 |   0.0 |       0 |      16 |   0.0 |   824
           D:2 |       0 |      62 |   0.0 |       0 |      25 |   0.0 |   778
           D:3 |       0 |      13 |   0.0 |       0 |       5 |   0.0 |   138
               +---------+---------+-------+---------+---------+-------+---------
